 Dungeon Crawl Stone Soup version 0.29.1-12-g30fa7ad0bf (webtiles) character file.

Game seed: 9046157479157296723

225 Gabide the Trooper (level 6, -4/51 HPs)
             Began as a Formicid Berserker on Dec 18, 2022.
             Was a Believer of Trog.
             Killed by divine providence
             ... invoked by an orc priest
              (13 damage)
             ... on level 2 of the Dungeon.
             The game lasted 00:02:37 (2899 turns).

Gabide the Trooper (Formicid Berserker)             Turns: 2899, Time: 00:02:38

Health: -4/51      AC: 12    Str: 24    XL:     6   Next: 21%
Magic:  6/6        EV: 11    Int:  6    God:    Trog [**....]
Gold:   113        SH:  0    Dex: 13    Spells: 5/5 levels left

rFire   + . .      SeeInvis +   a - +0 mace
rCold   . . .      Faith    .   (no shield)
rNeg    . . .      Spirit   .   f - +2 plate armour
rPois   .          Reflect  .   (helmet unavailable)
rElec   .          Harm     .   (no cloak)
rCorr   .          Rampage  .   (no gloves)
Will    ++...                   (no boots)
Stlth   ..........              (no amulet)
HPRegen 1.17/turn               c - ring of protection from fire
MPRegen 0.10/turn               q - +4 ring of evasion

@: strong-willed, regenerating
A: permanent stasis, dig shafts and tunnels, antennae 3, four strong arms
a: Dig, Shaft Self, Renounce Religion, Trog's Hand


You were on level 2 of the Dungeon.
You worshipped Trog.
Trog was pleased with you.
You visited 1 branch of the dungeon, and saw 3 of its levels.

You collected 113 gold pieces.

Inventory:

Hand Weapons
 a - a +0 mace (weapon)
Armour
 f - a +2 plate armour (worn)
Jewellery
 c - a ring of protection from fire (left hand)
 q - a +4 ring of evasion (right hand)
Scrolls
 g - a scroll of enchant weapon {unknown}
 k - a scroll of poison {unknown}
 o - a scroll of noise {unknown}
 p - a scroll of teleportation {unknown}
Potions
 b - 4 potions of curing
 i - a potion of attraction {unknown}
 l - a potion of berserk rage {unknown}
 m - a potion of magic {unknown}
 n - 2 potions of lignification


   Skills:
 * Level 5.1 Fighting
 * Level 4.7 Maces & Flails
 - Level 2.1 Armour
 + Level 2.8 Dodging


You had 5 spell levels left.
You didn't know any spells.
Your spell library was empty.

Dungeon Overview and Level Annotations

Branches:
Dungeon (3/15)

Altars:


Innate Abilities, Weirdness & Mutations

You cannot be hasted, slowed, berserked, paralysed or teleported.
You can dig through walls and to a lower floor.
You have a pair of large antennae on your head. (SInv)
Your four strong arms can wield two-handed weapons with a shield.


Message History

The orc misses you.
You barely miss the orc.
The orc is severely wounded.
The orc shouts!
The orc barely misses you. The orc wizard barely misses you.
The orc barely misses you. The orc hits you but does no damage.
The orc closely misses you.
You barely miss the orc.
The orc is severely wounded.
The orc hits you but does no damage.
The orc priest calls down the wrath of Beogh upon you.
Beogh smites you! The orc hits you but does no damage.
The orc wizard hits you but does no damage.
You hit the orc.
You kill the orc!
Trog accepts your kill. The orc hits you but does no damage.
The orc priest mumbles some strange prayers to Beogh against you.
Pain shoots through your body! The orc wizard closely misses you.
You hit the orc priest but do no damage.
The orc closely misses you.
The orc priest mumbles some strange prayers to Beogh against you.
Pain shoots through your body!
The orc priest calls down the wrath of Beogh upon you.
Beogh smites you!
* * * LOW HITPOINT WARNING * * *
The orc wizard hits you but does no damage.
You are too injured to fight recklessly!
The orc hits you but does no damage.
The orc priest hits you but does no damage.
The orc wizard hits you but does no damage.
You climb upwards.
There is a stone staircase leading down, spattered with blood here.
Things that are here:
3 scrolls of amnesia; a +5 dagger Your skin crawls.
You feel strong-willed.
The orc priest invokes the aid of Beogh against you.
Beogh smites you!
You die...

#.........#.#...# ####.
#.........#.#.#.# #..'.
#.........#)#.#.# #.##.
#.........#(#.#.###.#).
####........#.#...<.)<†
#####..........###.##.
#.....#....)##.###....
#.##.o#..#.#..........
#.<#o@.............###
#..#.o[....#.......'..
####..#.......#.......###
#.†...#...#####.###+#####
#....##....####)# #.# #..
#....##.......#.###.# #..
######.#..............# #..
#..†............#.#######..
##.###.#...##...#.......+..


You could see an orc priest, an orc wizard and an orc.

Vanquished Creatures
  A scorpion (D:2)
  An orc priest (D:2)
  Robin (D:1)
  3 gnolls (D:2)
  2 adders (D:2)
  A worm (D:2)
  A dart slug (D:1)
  An orc (D:3)
  5 ball pythons
  10 endoplasms
  2 giant cockroaches
  15 goblins
  7 hobgoblins
  5 kobolds
  5 quokkas (D:1)
  4 bats
  2 frilled lizards
  5 rats
71 creatures vanquished.

Notes
Turn   | Place    | Note
-------+----------+-------------------------------------------
     0 | D:1      | Gabide the Formicid Berserker began the quest for the Orb.
     0 | D:1      | Reached XP level 1. HP: 18/18 MP: 1/1
   143 | D:1      | Reached XP level 2. HP: 15/24 MP: 2/2
   268 | D:1      | Found a faded altar of an unknown god.
   398 | D:1      | Reached XP level 3. HP: 30/30 MP: 3/3
   841 | D:1      | Reached ** piety under Trog
   917 | D:1      | Reached skill level 4 in Fighting
  1038 | D:2      | Noticed Robin
  1045 | D:1      | Killed Robin
  1046 | D:1      | Reached XP level 4. HP: 31/37 MP: 4/4
  1896 | D:2      | Reached XP level 5. HP: 25/43 MP: 5/5
  2437 | D:2      | Reached *** piety under Trog
  2438 | D:2      | Reached XP level 6. HP: 47/50 MP: 6/6
  2507 | D:2      | Reached skill level 5 in Fighting
  2899 | D:2      | Killed from afar by an orc priest

Illustrated notes

Levels and vault maps discovered:
D:1:      mrwooster_arrival_arrow, layout_basic,
          shapermc_ecumenical_altar_starsandcircs
D:2:      minmay_chambers_of_twos, layout_basic, uniq_robin
D:3:      layout_basic, minitemple

Skill      XL: |  1  2  3  4  5  6 |
---------------+-------------------+-----
Dodging        | 2 |  2.8
Fighting       | 4 5 |  5.1
Maces & Flails | 4 |  4.7
Armour         | |  2.1

Action                   |  1- 3 |  4- 6 || total
-------------------------+-------+-------++-------
Melee: Mace              |    77 |    38 ||   115
       Dagger            |       |   121 ||   121
       Punch             |       |     2 ||     2
Invok: Trog's Hand       |       |     3 ||     3
  Use: Scroll            |       |     5 ||     5
Armor: Animal skin       |     5 |       ||     5
       Plate armour      |    40 |   138 ||   178
Dodge: Dodged            |    32 |    80 ||   112
